 Dungeon Crawl Stone Soup version 0.31-a0-198-g2ad674f65e (webtiles) character file.

Game seed: 18028496967776847887

489 qw the Skirmisher (level 6, -4/35 HPs)
             Began as a Deep Elf Hunter on June 25, 2023.
             Slain by Edmund
             ... wielding a +8 dire flail of holy wrath
              (16 damage)
             ... on level 4 of the Dungeon.
             The game lasted 00:01:19 (2983 turns).

qw the Skirmisher (Deep Elf Hunter)                 Turns: 2983, Time: 00:01:20

Health: -4/35      AC:  9    Str: 10    XL:     6   Next: 90%
Magic:  8/8        EV: 11    Int: 14    God:
Gold:   136        SH:  0    Dex: 20    Spells: 5/5 levels left

rFire   . . .        Y - +0 shortbow
rCold   . . .        (shield currently unavailable)
rNeg    . . .        i - +0 ring mail
rPois   +            (no helmet)
rElec   .            l - +0 cloak
rCorr   .            c - +1 pair of gloves of Hedoch {+Blink}
SInv    .            m - +0 pair of boots
Will    .....        (no amulet)
Stlth   +            e - ring of poison resistance
HPRegen 0.25/turn    h - +2 ring of dexterity
MPRegen 0.11/turn

%: no passive effects
@: no status effects
A: no striking features
a: Evoke Blink


You were on level 4 of the Dungeon.
You visited 1 branch of the dungeon, and saw 4 of its levels.

You collected 201 gold pieces.
You spent 65 gold pieces at shops.


   Skills:
 - Level 2.0 Fighting
 + Level 9.7 Ranged Weapons
 - Level 2.2 Armour
 - Level 3.0 Dodging
 - Level 1.2 Stealth


You had 5 spell levels left.
You didn't know any spells.
Your spell library was empty.

Inventory:

Hand Weapons
 Y - a +0 shortbow (weapon)
Armour
 c - the +1 pair of gloves of Hedoch (worn) {+Blink}
   (You acquired it on level 3 of the Dungeon)

   +Blink:    It lets you blink.
 i - a +0 ring mail (worn)
 l - a +0 cloak (worn)
 m - a +0 pair of boots (worn)
Jewellery
 a - a ring of positive energy
 e - a ring of poison resistance (left hand)
 f - a +1 ring of strength
 h - a +2 ring of dexterity (right hand)
Scrolls
 g - 2 scrolls of identify
 k - a scroll of poison {unknown}
Potions
 d - a potion of enlightenment
 j - a potion of curing

Dungeon Overview and Level Annotations

Branches:
Dungeon (4/15)
 Temple: D:4-7

Altars:

Shops:
D:2 =   D:4 =:[

Annotations:
D:4 Edmund


Message History

You shoot an arrow. The arrow hits Edmund.
Edmund is moderately wounded.
You shoot an arrow. The arrow barely misses Edmund.
Edmund misses you.
You shoot an arrow. The arrow hits Edmund!
Edmund is heavily wounded.
Edmund hits you with a +8 dire flail of holy wrath!
You shoot an arrow.
The arrow hits Edmund but does no damage.
Edmund is heavily wounded.
Edmund hits you with a +8 dire flail of holy wrath.
You shoot an arrow.
The arrow hits Edmund but does no damage.
Edmund is heavily wounded.
Edmund barely misses you.
You shoot an arrow. The arrow completely misses Edmund.
Edmund closely misses you.
You shoot an arrow. The arrow hits Edmund!
Edmund is severely wounded.
Edmund completely misses you.
You shoot an arrow. The arrow barely misses Edmund.
Edmund hits you with a +8 dire flail of holy wrath!
You shoot an arrow. The arrow barely misses Edmund.
Edmund hits you with a +8 dire flail of holy wrath!
You shoot an arrow.
The arrow hits Edmund but does no damage.
Edmund is severely wounded.
Edmund hits you with a +8 dire flail of holy wrath.
2980 ||| DRINKING potion of heal wounds.
You feel much better. Edmund closely misses you.
You shoot an arrow. The arrow hits Edmund.
Edmund is severely wounded.
Edmund hits you with a +8 dire flail of holy wrath!
You shoot an arrow. The arrow closely misses Edmund.
Edmund hits you with a +8 dire flail of holy wrath!
You shoot an arrow. The arrow hits Edmund.
Edmund is severely wounded.
Edmund hits you with a +8 dire flail of holy wrath!
You die...

#.######.## #.#
#.........#####.###
#.##..............#
#.##.###..###.....############
#.##.###.## ##...............#
#........# ##%#.##########.#
#.#.####.# #.### #.# #........#
#.# ###.### ###.###### #@#
#...... #.# #.@.# #.#.### #.###
#.....# ##.#.# #.#.## #.......#
##..#.#
####....####.........####...#.#
...........+.........'........#
####....####.........#........>..
#.#.## ##.......##.###.######
#.### ... ###.....#


You could see Edmund.

Vanquished Creatures
  3 ogres (D:4)
  Jessica (D:2)
  An iguana (D:4)
  An orc wizard (D:4)
  5 adders
  A shadow imp (D:4)
  An ufetubus (D:4)
  2 worms
  3 dart slugs
  5 orcs
  7 ball pythons
  6 endoplasms (D:1)
  5 giant cockroaches
  5 goblins
  7 hobgoblins
  7 jackals
  12 kobolds
  5 quokkas
  6 bats
  3 frilled lizards
  5 rats
91 creatures vanquished.

Notes
Turn   | Place    | Note
-------+----------+-------------------------------------------
     0 | D:1      | qw the Deep Elf Hunter began the quest for the Orb.
     0 | D:1      | Reached XP level 1. HP: 12/12 MP: 3/3
     0 | D:1      | 0 ||| qw: Version: 0.3-a-22-g0ed2b0b
     0 | D:1      | 0 ||| qw: Game counter: 4891
     0 | D:1      | 0 ||| qw: Melee chars always use a shield: true
     0 | D:1      | 0 ||| qw: God list: Okawaru
     0 | D:1      | 0 ||| qw: Allow faded altars: false
     0 | D:1      | 0 ||| qw: Do Orc after clearing Dungeon:15 true
     0 | D:1      | 0 ||| qw: Do second Lair branch before Depths: true
     0 | D:1      | 0 ||| qw: Lair rune preference: random
     0 | D:1      | 0 ||| qw: Goals: Normal
     0 | D:1      | 0 ||| PLANNING D:1-11
    97 | D:1      | Reached XP level 2. HP: 13/16 MP: 4/4
   100 | D:1      | Reached skill level 6 in Ranged Weapons
   104 | D:1      | 104 ||| FLEEEEING.
   105 | D:1      | 105 ||| FLEEEEING.
   106 | D:1      | 106 ||| FLEEEEING.
   107 | D:1      | 107 ||| FLEEEEING.
   108 | D:1      | 108 ||| FLEEEEING.
   109 | D:1      | 109 ||| FLEEEEING.
   110 | D:1      | 110 ||| FLEEEEING.
   111 | D:1      | 111 ||| FLEEEEING.
   112 | D:1      | 112 ||| FLEEEEING.
   113 | D:1      | 113 ||| FLEEEEING.
   114 | D:1      | 114 ||| FLEEEEING.
   115 | D:1      | 115 ||| FLEEEEING.
   116 | D:1      | 116 ||| FLEEEEING.
   117 | D:1      | 117 ||| FLEEEEING.
   118 | D:1      | 118 ||| FLEEEEING.
   119 | D:1      | 119 ||| FLEEEEING.
   120 | D:1      | 120 ||| FLEEEEING.
   121 | D:1      | 121 ||| FLEEEEING.
   122 | D:1      | 122 ||| FLEEEEING.
   123 | D:1      | 123 ||| FLEEEEING.
   124 | D:1      | 124 ||| FLEEEEING.
   125 | D:1      | 125 ||| FLEEEEING.
   126 | D:1      | 126 ||| FLEEEEING.
   127 | D:1      | 127 ||| FLEEEEING.
   128 | D:1      | 128 ||| FLEEEEING.
   129 | D:1      | 129 ||| FLEEEEING.
   130 | D:1      | 130 ||| FLEEEEING.
   131 | D:1      | 131 ||| FLEEEEING.
   132 | D:1      | 132 ||| FLEEEEING.
   133 | D:1      | 133 ||| FLEEEEING.
   134 | D:1      | 134 ||| FLEEEEING.
   135 | D:1      | 135 ||| FLEEEEING.
   355 | D:1      | Reached XP level 3. HP: 19/20 MP: 5/5
   748 | D:1      | Found a faded altar of an unknown god.
   892 | D:1      | 892 ||| UPGRADING to ring of poison resistance.
   893 | D:1      | 893 ||| UPGRADING to ring of positive energy.
   894 | D:1      | 894 ||| READING scroll labelled NAANEI QOEN.
   995 | D:1      | 995 ||| READING scroll labelled TIZEUGU CUSOM.
  1000 | D:1      | 1000 ||| READING 2 scrolls labelled BOUDUE TULEPRA.
  1001 | D:1      | 1001 ||| READING scroll labelled SESISKAODO.
  1002 | D:1      | 1002 ||| READING scroll labelled WON RETAIDGH.
  1003 | D:1      | 1003 ||| DROPPING scroll of butterflies.
  1024 | D:2      | Reached skill level 7 in Ranged Weapons
  1038 | D:2      | Noticed Jessica
  1042 | D:2      | Killed Jessica
  1043 | D:2      | Reached XP level 4. HP: 25/25 MP: 6/6
  1277 | D:2      | Reached skill level 8 in Ranged Weapons
  1317 | D:2      | Found Amouclogg's One-of-a-Kind Rings.
  1323 | D:2      | 1323 ||| BUYING +1 ring of strength (26 gold).
  1323 | D:2      | Bought a +1 ring of strength for 26 gold pieces
  1323 | D:2      | 1323 ||| BUYING +2 ring of dexterity (39 gold).
  1323 | D:2      | Bought a +2 ring of dexterity for 39 gold pieces
  1323 | D:2      | 1323 ||| SHOPLISTING +8 ring of evasion (1014 gold, have
                  | 60).
  1323 | D:2      | 1323 ||| SHOPLISTING +8 ring of slaying (2600 gold, have
                  | 60).
  1323 | D:2      | 1323 ||| SHOPLISTING ring of Gemnyoch {Will+ MP+9} (423
                  | gold, have 60).
  1323 | D:2      | 1323 ||| SHOPLISTING ring of the Madman {Will+ Int+5} (552
                  | gold, have 60).
  1585 | D:2      | 1585 ||| UPGRADING to +2 ring of dexterity.
  1587 | D:2      | 1587 ||| READING scroll labelled RORATO VOOZO.
  1588 | D:2      | 1588 ||| DRINKING 2 smoky red potions.
  1589 | D:2      | 1589 ||| DROPPING potion of degeneration.
  1672 | D:3      | Reached XP level 5. HP: 29/29 MP: 7/7
  1902 | D:3      | Reached skill level 3 in Dodging
  2065 | D:3      | 2065 ||| UPGRADING to +0 ring mail.
  2075 | D:3      | 2075 ||| DROPPING +0 leather armour.
  2076 | D:3      | 2076 ||| UPGRADING to +0 cloak.
  2081 | D:3      | 2081 ||| UPGRADING to +0 pair of boots.
  2086 | D:3      | 2086 ||| READING scroll labelled PUCASTR POIF.
  2137 | D:3      | 2137 ||| READING scroll labelled OSKETO ZANEA.
  2137 | D:3      | Identified a scroll of acquirement
  2137 | D:3      | 2137 ||| ACQUIRING +1 pair of gloves of Hedoch {+Blink}
  2137 | D:3      | Acquired the +1 pair of gloves of Hedoch {+Blink}
  2139 | D:3      | 2139 ||| UPGRADING to +1 pair of gloves of Hedoch {+Blink}.
  2144 | D:3      | 2144 ||| DRINKING 2 grey potions.
  2145 | D:3      | 2145 ||| READING 5 scrolls of identify.
  2145 | D:3      | 2145 ||| IDENTIFYING silvery potion
  2146 | D:3      | 2146 ||| READING 4 scrolls of identify.
  2146 | D:3      | 2146 ||| IDENTIFYING bubbling purple potion
  2147 | D:3      | 2147 ||| READING 3 scrolls of identify.
  2147 | D:3      | 2147 ||| IDENTIFYING dark potion
  2148 | D:3      | 2148 ||| DROPPING potion of attraction.
  2238 | D:4      | Found Vameh's Armour Shop.
  2247 | D:4      | Found Puleplih's Book Emporium.
  2247 | D:4      | Found Irphyr's Jewellery Shoppe.
  2258 | D:4      | 2258 ||| SHOPLISTING +4 ring of protection (468 gold, have
                  | 98).
  2258 | D:4      | 2258 ||| SHOPLISTING +4 ring of slaying (1014 gold, have
                  | 98).
  2258 | D:4      | 2258 ||| SHOPLISTING +6 ring of dexterity (468 gold, have
                  | 98).
  2258 | D:4      | 2258 ||| SHOPLISTING amulet of faith (520 gold, have 98).
  2258 | D:4      | 2258 ||| SHOPLISTING amulet of the acrobat (390 gold, have
                  | 98).
  2258 | D:4      | 2258 ||| SHOPLISTING ring "Ytex" {rF+ rCorr SInv} (449
                  | gold, have 98).
  2258 | D:4      | 2258 ||| SHOPLISTING ring of fire (325 gold, have 98).
  2303 | D:4      | Noticed an ogre
  2309 | D:4      | Killed an ogre
  2402 | D:4      | Noticed an ogre
  2414 | D:4      | Killed an ogre
  2415 | D:4      | Reached XP level 6. HP: 12/34 MP: 8/8
  2506 | D:4      | Reached skill level 9 in Ranged Weapons
  2964 | D:4      | Noticed Edmund
  2979 | D:4      | HP: 6/35 [Edmund/+8 dire flail of holy wrath (3)]
  2980 | D:4      | 2980 ||| DRINKING potion of heal wounds.
  2983 | D:4      | Slain by Edmund

Levels and vault maps discovered:
D:1:      amcnicky_arrival_double_pillar, layout_basic,
          shapermc_ecumenical_altar_gd
D:2:      layout_loops_ring, nicolae_shop_unique_rings, uniq_jessica
D:3:      layout_rooms, lexackson_kobold_supper
D:4:      layout_loops_corners, minmay_misc_feat_columns,
          nicolae_wooded_promenade, uniq_edmund

Skill      XL: |  1  2  3  4  5  6 |
---------------+-------------------+-----
Ranged Weapons | 6 7 8 9 |  9.7
Dodging        | 3 |  3.0
Armour         | 2 |  2.2
Fighting       | 2 |  2.0
Stealth        | |  1.2

Action                     |  1- 3 |  4- 6 || total
---------------------------+-------+-------++-------
   Fire: Shortbow          |    85 |   206 ||   291
    Use: Scroll            |     5 |     6 ||    11
         Potion            |       |     3 ||     3
 Armour: Leather armour    |     8 |     3 ||    11
         Ring mail         |       |    26 ||    26
  Dodge: Dodged            |    13 |    33 ||    46

Table legend:
 A = Non-vault XP
 B = Vault XP
 C = Vault XP percentage of total XP
 D = Non-vault monster count
 E = Vault monster count
 F = Vault count percentage of total count
                 A         B        C        D         E       F
            +---------+---------+-------+---------+---------+-------
      Total |     650 |      49 |   7.0 |      82 |       9 |   9.9
            +---------+---------+-------+---------+---------+-------
        D:1 |      60 |       0 |   0.0 |      29 |       0 |   0.0
        D:2 |      77 |      37 |  32.5 |      22 |       1 |   4.3
        D:3 |      32 |      12 |  27.3 |      12 |       8 |  40.0
        D:4 |     481 |       0 |   0.0 |      19 |       0 |   0.0
            +---------+---------+-------+---------+---------+-------
